 Dungeon Crawl Stone Soup version 0.25.1-2-g60ff931df9 (webtiles) character file.

Game seed: 18244633701328945117

993 H0rd4k the Insei (level 8, -3/48 HPs)
             Began as an Octopode Transmuter on Aug 26, 2020.
             Slain by an ice beast (14 damage)
             ... on level 6 of the Dungeon.
             The game lasted 00:06:28 (6274 turns).

H0rd4k the Insei (Octopode Transmuter)              Turns: 6274, Time: 00:06:29

Health: -3/48      AC:  5    Str:  9    XL:     8   Next: 19%
Magic:  13/13      EV: 14    Int: 17    God:
Gold:   225        SH:  0    Dex: 13    Spells: 3/14 levels left

rFire    . . .     SeeInvis .     - Unarmed
rCold    . . .     Gourm    .   (no shield)
rNeg     . . .     Faith    .   (helmet restricted)
rPois    .         Spirit   .   (no amulet)
rElec    .         Reflect  .   i - ring of protection from magic
rCorr    .         Harm     .   k - +4 ring of protection
MR       +....                  (no ring)
Stlth    ++++......             (no ring)
HPRegen  0.16/turn              (no ring)
MPRegen  0.13/turn              (no ring)
                                (no ring)
                                (no ring)

@: appendage
A: almost no armour, stealthy swim, amphibious, 8 rings, constrict 8, tentacle
spike 3, camouflage 1, gelatinous body 1
a: End Transformation


You were on level 6 of the Dungeon.
You were hungry.
One of your tentacles had a temporary spike.
You visited 1 branch of the dungeon, and saw 6 of its levels.
You also visited: Ossuary.

You collected 225 gold pieces.

Inventory:

Missiles
 a - 97 arrows
 u - 13 poisoned darts (quivered)
Magical Staves
 r - an uncursed staff of summoning
Jewellery
 i - a ring of protection from magic (left tentacle)
 k - a +4 ring of protection (right tentacle)
Scrolls
 f - 6 scrolls of identify {unknown}
 j - 2 scrolls of teleportation {unknown}
 n - a scroll of amnesia {unknown}
 o - 3 scrolls of immolation {unknown}
 p - a scroll of noise {unknown}
 s - a scroll of remove curse
 t - 2 scrolls of enchant armour {unknown}
Potions
 b - 4 potions of haste {unknown}
 d - 6 potions of curing {unknown}
 e - a potion of cancellation {unknown}
 g - a potion of brilliance {unknown}
 h - a potion of stabbing {unknown}
 l - 2 potions of mutation {unknown}
 m - a potion of lignification {unknown}
 q - 3 potions of heal wounds {unknown}
Comestibles
 c - 15 rations


   Skills:
 + Level 1.6 Fighting
 + Level 3.3 Dodging
 + Level 5.4 Stealth
 + Level 6.2 Unarmed Combat
 * Level 3.8 Spellcasting
 * Level 1.3 Translocations
 * Level 3.9 Transmutations
 + Level 0.2 Poison Magic


You had 3 spell levels left.
You knew the following spells:

 Your Spells              Type           Power        Failure   Level  Hunger
a - Beastly Appendage     Tmut           ###...       3%          1    None
b - Sticks to Snakes      Tmut           ###.....     4%          2    ##.....
c - Spider Form           Tmut/Pois      ##........   21%         3    ###....
d - Blink                 Tloc           N/A          14%         2    ##.....
e - Conjure Flame         Conj/Fire      #.......     43%         3    ###....

Your spell library contained the following spells:

 Spells                   Type           Power        Failure   Level  Hunger
 Apportation              Tloc           #.....       10%         1    None
 Animate Skeleton         Necr           N/A          16%         1    None
 Corona                   Hex            #......      16%         1    None
 Magic Dart               Conj           #...         16%         1    None
 Summon Small Mammal      Summ           #...         16%         1    None
 Call Imp                 Summ           #.......     24%         2    ##.....
 Slow                     Hex            #.......     24%         2    ##.....
 Mephitic Cloud           Conj/Pois/Air  #.......     43%         3    ###....
 Ice Form                 Ice/Tmut       #.......     56%         4    ####...
 Blade Hands              Tmut           ###.......   65%         5    ######.


Dungeon Overview and Level Annotations

Branches:
Dungeon (6/15)            Ossuary (visited)
 Temple: D:4-7

Altars:
Wu Jian
Yredelemnul
Zin

Annotations:
D:5 exclusions: 2 downstairs and ice beast
D:6 exclusion: ice beast


Innate Abilities, Weirdness & Mutations

You cannot wear most types of armour.
You are very stealthy in the water. (Stealth+)
You are amphibious.
You can wear up to eight rings at the same time.
You can use your tentacles to constrict eight enemies at once.
Your skin changes colour to match your surroundings (Stealth+).
Your rubbery body absorbs attacks. (AC +1, EV +1)
One of your tentacles bears a large vicious spike.


Message History

You barely miss the ice beast.
Your tentacle spike misses the ice beast.
The ice beast is heavily wounded.
The ice beast barely misses you.
You closely miss the ice beast.
The ice beast is heavily wounded.
You barely miss the ice beast.
You pierce the ice beast.
You squeeze the ice beast.
The ice beast is almost dead.
The ice beast hits you. The ice beast freezes you!
You closely miss the ice beast.
The ice beast is almost dead.
The ice beast hits you. The ice beast freezes you!
* * * LOW HITPOINT WARNING * * *
You tentacle-slap the ice beast.
The ice beast is almost dead.
The ice beast hits you.
* * * LOW HITPOINT WARNING * * *
The ice beast freezes you!
You die...

#.# #. #.#.#
##.#### #.####.#.#
#......#####
#.(..#.#.#
#......<...#
#......#.#
#......###.#
#......#.# .......
#.# #......#.#
....... #Y#
#......#'##
....... #@#
#.........#
....... #.#
####......# #
....... #.#
#......# ..
.......
#.########......#
... .......
#..........#'#+##
....##.......
############.#.###
....'<.......
#................
....##.......
#.#########.#.###
... ....... .....#
#


You could see an ice beast.

Vanquished Creatures
  Pikel (D:4)
  An ogre (D:4)
  An elf zombie (Ossuary)
  2 centaur zombies
  A hound (D:2)
  An orc wizard (D:4)
  2 worker ants (D:6)
  2 mummies (Ossuary)
  3 gnolls
  6 adders
  2 adder zombies (Ossuary)
  3 dart slugs
  5 leopard geckos
  10 orcs
  8 bats
  4 giant cockroaches
  7 goblins
  5 hobgoblins
  2 jackals (D:3)
  4 kobolds
  5 frilled lizards
  2 goblin zombies (Ossuary)
  10 hobgoblin zombies (Ossuary)
  A jackal zombie (Ossuary)
  10 kobold zombies (Ossuary)
  8 orc zombies (Ossuary)
  12 rats
  2 rat zombies (Ossuary)
120 creatures vanquished.

Vanquished Creatures (others)
  A slave (D:5)
  A scorpion (D:5)
  A bullfrog skeleton (D:5)
  An orc priest (D:5)
  An orc wizard (D:5)
  A gnoll (D:5)
  An orc (D:5)
  A giant cockroach (D:5)
8 creatures vanquished.

Grand Total: 128 creatures vanquished

Notes
Turn   | Place    | Note
-------+----------+-------------------------------------------
     0 | D:1      | H0rd4k the Octopode Transmuter began the quest for the Orb.
     0 | D:1      | Reached XP level 1. HP: 13/13 MP: 3/3
     0 | D:1      | Found an ornate altar of the Wu Jian Council.
    84 | D:1      | Reached XP level 2. HP: 7/18 MP: 5/5
   856 | D:1      | Reached XP level 3. HP: 23/23 MP: 6/6
  1116 | D:1      | Learned a level 2 spell: Sticks to Snakes
  1120 | D:1      | Learned a level 3 spell: Spider Form
  1187 | D:2      | Reached skill level 1 in Stealth
  1994 | D:2      | Reached XP level 4. HP: 25/28 MP: 7/7
  2617 | D:3      | Reached skill level 4 in Unarmed Combat
  2709 | D:4      | Reached XP level 5. HP: 11/33 MP: 7/9
  4287 | D:4      | Noticed a phantom
  4457 | D:4      | Noticed an ogre
  4465 | D:4      | Killed an ogre
  4465 | D:4      | Reached XP level 6. HP: 38/38 MP: 6/10
  4535 | D:5      | Entered Level 5 of the Dungeon
  4535 | D:5      | Noticed Pikel
  4535 | D:5      | Noticed a slave
  4535 | D:5      | Noticed a slave
  4535 | D:5      | Noticed a slave
  4535 | D:5      | Noticed a slave
  4553 | D:4      | Killed Pikel
  4553 | D:4      | Reached skill level 5 in Stealth
  4553 | D:4      | Reached skill level 5 in Unarmed Combat
  4553 | D:4      | Reached XP level 7. HP: 25/43 MP: 9/12
  4795 | D:5      | Found a sand-covered staircase.
  4801 | Ossuary  | Entered an ossuary
  4818 | Ossuary  | Learned a level 2 spell: Blink
  4822 | Ossuary  | Learned a level 3 spell: Conjure Flame
  5139 | Ossuary  | Reached skill level 6 in Unarmed Combat
  5139 | Ossuary  | Reached XP level 8. HP: 20/48 MP: 13/13
  5369 | Ossuary  | Reached skill level 1 in Translocations
  5756 | D:5      | Found a basalt altar of Yredelemnul.
  5756 | D:5      | Found a glowing silver altar of Zin.
  6274 | D:6      | Slain by an ice beast

Illustrated notes

Levels and vault maps discovered:
D:1:      sevenhm_arrival_forest_fort_small_6, layout_loops_ring, st_stairs_3
D:2:      layout_loops_ring, first_ration
D:3:      layout_basic
D:4:      layout_loops_cross
D:5:      layout_basic, amethyst_overflow_temple_binary,
          nicolae_ossuary_entry_plus, uniq_pikel
D:6:      layout_basic, basic_altar, nemelex_dance_club_becter

Skill      XL: |  1  2  3  4  5  6  7  8 |
---------------+-------------------------+-----
Stealth        | 2 3 5 |  5.4
Unarmed Combat | 4 5 6 |  6.2
Spellcasting   | 3 |  3.8
Dodging        | 3 |  3.3
Transmutations | 3 |  3.9
Translocations | 1 |  1.3
Fighting       | |  1.6
Poison Magic   | |  0.2

Action                   |  1- 3 |  4- 6 |  7- 9 || total
-------------------------+-------+-------+-------++-------
Melee: Unarmed           |    74 |   121 |   139 ||   334
       Tentacles         |     8 |    17 |    17 ||    42
       Constrict         |    22 |    29 |    37 ||    88
       Kick              |       |    11 |    18 ||    29
       Punch             |       |       |     2 ||     2
 Cast: Beastly Appendage |       |     3 |     5 ||     8
       Spider Form       |       |     1 |       ||     1
  Use: Scroll            |       |     2 |       ||     2
 Stab: Sleeping          |     9 |     9 |     3 ||    21
       Distracted        |     1 |       |       ||     1
  Eat: Chunk             |     3 |     8 |     2 ||    13
       Ration            |       |       |     1 ||     1
Armor: Skin              |     6 |     5 |    23 ||    34
Dodge: Dodged            |    42 |    58 |    86 ||   186
